 Dungeon Crawl Stone Soup version 0.24.0-13-gcf9b3192b9 (webtiles) character file.

Game seed: 5400661556372859089, levelgen mode: deterministic

16 Arum the Stinger (level 2, -4/19 HPs)
             Began as a Formicid Venom Mage on Nov 9, 2019.
             Slain by a goblin
             ... wielding a +0 dagger
             ... led by Robin
              (6 damage)
             ... on level 2 of the Dungeon.
             The game lasted 00:02:38 (1515 turns).

Arum the Stinger (Formicid Venom Mage)              Turns: 1515, Time: 00:02:38

Health: -4/19      AC:  0    Str: 12    XL:     2   Next: 70%
Magic:  1/5        EV: 15    Int: 14    God:
Gold:   72         SH:  0    Dex: 11    Spells: 2/5 levels left

rFire    . . .     SeeInvis +   (no weapon)
rCold    . . .     Gourm    .   (no shield)
rNeg     . . .     Faith    .   h - -2 robe (curse)
rPois    .         Spirit   .   (helmet unavailable)
rElec    .         Reflect  .   (no cloak)
rCorr    .         Harm     .   (no gloves)
MR       .....                  (no boots)
Stlth    +.........             (no amulet)
HPRegen  0.06/turn              b - ring of attention (curse)
MPRegen  0.09/turn              g - +3 ring of evasion

@: no status effects
A: permanent stasis, dig shafts and tunnels, four strong arms, antennae 3
a: Dig, Shaft Self


You were on level 2 of the Dungeon.
You were not hungry.

You visited 1 branch of the dungeon, and saw 2 of its levels.

You collected 72 gold pieces.

Inventory:

Missiles
 e - 9 poisoned darts (quivered)
Armour
 a - a +0 robe
 h - a cursed -2 robe (worn)
Jewellery
 b - a cursed ring of attention (left hand)
 g - a +3 ring of evasion (right hand)
Scrolls
 i - 3 scrolls of identify {unknown}
 l - a scroll of remove curse {unknown}
 n - a scroll of enchant armour {unknown}
 o - a scroll of enchant weapon {unknown}
 p - a scroll of teleportation {unknown}
Potions
 d - a potion of mutation {unknown}
 f - a potion of lignification {unknown}
 j - 2 potions of might {unknown}
 k - 3 potions of heal wounds {unknown}
 m - a potion of invisibility {unknown}
Comestibles
 c - 5 rations


   Skills:
 + Level 2.1 Dodging
 - Level 2.4 Stealth
 + Level 2.4 Spellcasting
 + Level 1.2 Conjurations
 + Level 4.2 Poison Magic


You had 2 spell levels left.
You knew the following spells:

 Your Spells              Type           Power        Failure   Level  Hunger
a - Sting                 Conj/Pois      #...         8%          1    #......
b - Poisonous Vapours     Pois/Air       #.....       14%         2    ###....

Your spell library contained the following spells:

 Spells                   Type           Power        Failure   Level  Hunger
 Mephitic Cloud           Conj/Pois/Air  #.......     32%         3    ###....
 Olgreb's Toxic Radiance  Pois           ##......     36%         4    #####..
 Venom Bolt               Conj/Pois      #.........   90%         5    ######.


Dungeon Overview and Level Annotations

Branches:
Dungeon (2/15)

Altars:

Annotations:
D:2 Robin


Innate Abilities, Weirdness & Mutations

You cannot be hasted, slowed, berserked, paralysed or teleported.
You can dig through walls and to a lower floor.
Your four strong arms can wield two-handed weapons with a shield.
You have a pair of large antennae on your head. (SInv)


Message History

Robin is poisoned.
Robin throws the goblin at you! The goblin misses you.
The goblin hits you with a +0 dagger.
Robin roars a battlecry!
The goblins go into a battle-frenzy!
The goblin hits you with a +0 club.
You hear a shout! x4
You hear a shout!
The goblin hits you with a +0 dagger.
* * * LOW HITPOINT WARNING * * *
Robin throws the goblin at you!
* * * LOW HITPOINT WARNING * * *
The goblin barely misses you.
You see here a short sword.
Casting: Poisonous Vapours (safe; 14% risk of failure)
Confirm with . or Enter, or press ? or * to list all spells.
Aiming: Poisonous Vapours (safe; 14% risk of failure)
Press: ? - help, Dir - move target cursor, f/p - Robin
Aim: Robin, wielding a +0 dagger, wearing a +0 animal skin and wearing a +1 helmet (heavily wounded, poisoned) Poisonous vapours surround Robin!
The goblin hits you with a +0 dagger.
You die...

.# #.# #.....#...#{{. ..
.# #.# #.....# #.##{# .#
.###.####.....###..#{#..#
........+.....+....{...#
.###.####.....##gg...###
.#.....##.....##)#####
...#.#........##g#
...#.#........##g#
.....#.........#@#
...#.#.........#.#
.#.#.#.........#.#
.#...#.#+#####.#.#
.#.....#.# #.#.#
....>###.#####.#.#
.#.............#.#
...#####.#######.# .#.#
#.........#


You could see Robin, a hobgoblin and 2 goblins.

Vanquished Creatures
  2 dart slugs (D:1)
  A giant cockroach (D:2)
  2 hobgoblins
  A kobold (D:1)
  2 bats
  A frilled lizard (D:2)
  2 goblins (D:1)
  A rat (D:1)
12 creatures vanquished.

Notes
Turn   | Place    | Note
-------+----------+-------------------------------------------
     0 | D:1      | Arum the Formicid Venom Mage began the quest for the Orb.
     0 | D:1      | Reached XP level 1. HP: 13/13 MP: 3/3
    61 | D:1      | Reached skill level 1 in Conjurations
   260 | D:1      | Reached XP level 2. HP: 2/19 MP: 0/5
   638 | D:1      | Learned a level 2 spell: Poisonous Vapours
  1506 | D:2      | Noticed Robin
  1515 | D:2      | Slain by a goblin

Levels and vault maps discovered:
D:1:      eino_arrival_cavern_a, layout_loops_ring, chequers_big_river
D:2:      cheibrodos_greedy_goblins, layout_basic, uniq_robin

Skill      XL: |  1  2 |
---------------+-------+-----
Conjurations   | 1 |  1.2
Dodging        | 2 |  2.1
Stealth        | |  2.4
Spellcasting   | |  2.4
Poison Magic   | |  4.2

Action                   || total
-------------------------++-------
Melee: Unarmed           ||    13
 Cast: Sting             ||    20
       Poisonous Vapours ||     4
  Eat: Chunk             ||     2
Dodge: Dodged            ||    11
